[Event "ICCopen2017"]
[Site "Internet Chess Club"]
[Date "2017.04.02"]
[Round "9"]
[White "EGBERTONE"]
[Black "KeroseneHat"]
[Result "0-1"]
[ICCResult "White forfeits on time"]
[WhiteElo "1500"]
[BlackElo "1294"]
[Opening "Réti opening"]
[ECO "A04"]
[NIC "QP.11"]
[Time "20:45:38"]
[TimeControl "180+0"]

1. Nf3 d6 2. c4 e5 3. d3 Nf6 4. Nc3 Be7 5. g3 Nbd7 6. Bg2 h6 7. O-O c6 8. h3
b6 9. Rb1 Bb7 10. b4 a6 11. a4 O-O 12. Nd2 Nh7 13. b5 Rb8 14. bxc6 Bxc6 15.
Nd5 Bxd5 16. cxd5 Nc5 17. Nc4 Qd7 18. Nxb6 Qc7 19. a5 Nb7 20. Bd2 Bg5 21.
Rc1 Qd8 22. f4 exf4 23. gxf4 Bf6 24. e3 Bb2 25. Rb1 Ba3 26. Qb3 Bc5 27. d4
Bxb6 28. axb6 Nf6 29. Qd3 Qd7 30. Qxa6 Ra8 31. Qd3 Ra2 32. Ra1 Rfa8 33. Rxa2
Rxa2 34. Rc1 Qa4 35. Rc8+ Ne8 36. Bb4 Ra1+ 37. Kh2 Qd7 38. Qc3 Ra4 39. Bf3
Kh7 40. Bg4 Qe7 41. Bf5+ g6 {White forfeits on time} 0-1

[Event "ICCopen2017"]
[Site "Internet Chess Club"]
[Date "2017.04.02"]
[Round "9"]
[White "ziggyalbert"]
[Black "HighGround"]
[Result "0-1"]
[ICCResult "White resigns"]
[WhiteElo "1265"]
[BlackElo "1341"]
[Opening "English, Kramnik-Shirov counterattack"]
[ECO "A21"]
[NIC "EO.23"]
[Time "20:46:28"]
[TimeControl "180+0"]

1. c4 e5 2. Nc3 Bb4 3. g3 Bxc3 4. bxc3 c6 5. Bg2 Nf6 6. Nf3 d6 7. O-O O-O 8.
d3 Bg4 9. Ba3 Qc7 10. c5 d5 11. c4 d4 12. Rb1 Nbd7 13. Qc2 Rab8 14. Rfe1
Rfe8 15. Nd2 Bf5 16. Bb4 e4 17. dxe4 Nxe4 18. Nxe4 Bg6 19. f3 f5 20. Nd6 f4
21. Ne4 fxg3 22. hxg3 Bxe4 23. fxe4 Qxg3 24. Rb3 Qg6 25. Rd3 Ne5 26. Rxd4
Ng4 27. Rf1 Ne3 {White resigns} 0-1

[Event "ICCopen2017"]
[Site "Internet Chess Club"]
[Date "2017.04.02"]
[Round "9"]
[White "Federicov"]
[Black "aplusk"]
[Result "1/2-1/2"]
[ICCResult "Game drawn by repetition"]
[WhiteElo "3059"]
[BlackElo "2728"]
[Opening "Alekhine's defense: exchange variation"]
[ECO "B03"]
[NIC "AL.08"]
[Time "20:45:30"]
[TimeControl "180+0"]

1. e4 Nf6 2. e5 Nd5 3. d4 d6 4. c4 Nb6 5. exd6 cxd6 6. Nc3 g6 7. Be3 Bg7 8.
b3 Nc6 9. Rc1 O-O 10. Be2 d5 11. Nf3 Bg4 12. c5 Nc8 13. O-O e6 14. b4 a6 15.
a3 N8e7 16. Ne1 Bxe2 17. Nxe2 Nf5 18. Nf3 h5 19. Qd2 Re8 20. h3 Rc8 21. Rfe1
b5 22. Bf4 Qd7 23. Ne5 Qb7 24. g4 Nh4 25. Rc3 hxg4 26. Nxg4 Nf5 27. Rd3 a5
28. Bg5 e5 29. Ng3 Nfxd4 30. Bf6 Re6 31. Qg5 Bxf6 32. Nxf6+ Rxf6 33. Qxf6
axb4 34. Nh5 Ne6 35. Rg3 bxa3 36. Rxg6+ fxg6 37. Qxg6+ Ng7 38. Nf6+ Kf8 39.
Nh7+ Kg8 40. Nf6+ Kf8 41. Nh7+ Kg8 42. Nf6+ Kf8 43. Nh7+ Kg8 44. Nf6+ Kf8
45. Nh7+ Kg8 46. Nf6+ Kf8 47. Nh7+ Kg8 {Game drawn by repetition} 1/2-1/2

[Event "ICCopen2017"]
[Site "Internet Chess Club"]
[Date "2017.04.02"]
[Round "9"]
[White "TennKid84"]
[Black "anitak"]
[Result "1-0"]
[ICCResult "Black forfeits on time"]
[WhiteElo "1788"]
[BlackElo "2031"]
[Opening "Colle system"]
[ECO "D05"]
[NIC "QP.08"]
[Time "20:44:57"]
[TimeControl "180+0"]

1. d4 d5 2. Nf3 e6 3. e3 Nf6 4. Bd3 c5 5. c3 Nc6 6. Nbd2 b6 7. O-O Be7 8.
Qe2 O-O 9. dxc5 Bxc5 10. e4 Bb7 11. e5 Nd7 12. Re1 Re8 13. Nb3 Nf8 14. Bg5
Be7 15. Bf4 Ng6 16. Bg3 Rc8 17. Nbd4 Nxd4 18. Nxd4 Bc5 19. Nf3 Qd7 20. Rad1
Qc7 21. Bb5 Bc6 22. Ba6 Bb7 23. Bb5 Bc6 24. Ba6 Rcd8 25. Rc1 Qb8 26. Nd4 Bd7
27. Bb5 Bxb5 28. Qxb5 Rc8 29. a4 Ne7 30. b4 Bxd4 31. cxd4 Nf5 32. Qd3 Rxc1
33. Rxc1 Rc8 34. Rd1 Rc4 35. a5 Qc7 36. axb6 axb6 37. h3 h6 38. Qa3 Rxd4 39.
Rc1 Rc4 40. Rf1 Rc3 41. Qa8+ Kh7 42. Qf8 Nxg3 43. fxg3 Rxg3 44. Rxf7 Qxe5
45. Rf1 Rg6 46. Qf2 Qe4 47. Kh1 d4 48. Re1 Rxg2 49. Re2 Rxf2+ 50. Kg1 Rxe2
51. Kf1 {Black forfeits on time} 1-0

[Event "ICCopen2017"]
[Site "Internet Chess Club"]
[Date "2017.04.02"]
[Round "9"]
[White "LeonSantillan"]
[Black "Sc6"]
[Result "0-1"]
[ICCResult "White forfeits on time"]
[WhiteElo "1835"]
[BlackElo "1757"]
[Opening "Queen's pawn: London system"]
[ECO "A45"]
[NIC "QP.07"]
[Time "20:44:42"]
[TimeControl "180+0"]

1. d4 Nf6 2. Bf4 g6 3. e3 Bg7 4. Nf3 O-O 5. Be2 d6 6. O-O Nbd7 7. h3 Re8 8.
c4 e5 9. dxe5 dxe5 10. Nxe5 Nxe5 11. Qxd8 Rxd8 12. Bxe5 c6 13. Nc3 Be6 14.
Rfd1 Re8 15. Bg3 a6 16. Rac1 Nd7 17. b3 Nc5 18. Bd6 Nd7 19. Ne4 b5 20. Nc5
Nxc5 21. Bxc5 Rac8 22. a3 Bb2 23. Rc2 Bg7 24. b4 Bf5 25. Rcd2 Bc3 26. Rd6
Be5 27. R6d2 Bc3 28. Ra2 Be6 29. Rc2 Bg7 30. Bd4 Bf5 31. Bd3 bxc4 32. Rxc4
Be6 33. Rc3 Bxd4 34. exd4 Red8 35. Be4 Bd5 36. Bxd5 cxd5 37. Rdc1 Rxc3 38.
Rxc3 Re8 39. Rc6 Re1+ 40. Kh2 Rd1 41. Rxa6 Rxd4 42. b5 Rd2 43. b6 Rb2 44. a4
d4 45. a5 d3 46. Ra8+ Kg7 47. Rd8 d2 48. Rxd2 Rxd2 49. b7 Ra2 50. a6 Rxa6
51. b8=Q Re6 52. Qb4 h5 53. Qd4+ Kh7 54. g4 hxg4 55. hxg4 Kg8 56. Kg3 Kf8
57. f4 Ke7 58. f5 Rd6 59. Qe5+ Kd7 60. Qg7 Ke7 61. Qg8 gxf5 62. gxf5 Rd3+
63. Kf4 Rd4+ 64. Kg5 Rd5 65. Qb8 Rd7 66. Qe5+ Kf8 67. Kf6 Rb7 68. Qd6+ Kg8
69. Qd8+ Kh7 70. Qe7 Rb6+ {White forfeits on time} 0-1

[Event "ICCopen2017"]
[Site "Internet Chess Club"]
[Date "2017.04.02"]
[Round "9"]
[White "dynova"]
[Black "StaggerLee"]
[Result "0-1"]
[ICCResult "White checkmated"]
[WhiteElo "1985"]
[BlackElo "1423"]
[Opening "Nimzovich-Larsen attack: modern variation"]
[ECO "A01"]
[NIC "VO.08"]
[Time "20:45:52"]
[TimeControl "180+0"]

1. b3 e5 2. Bb2 Nc6 3. e3 d5 4. Bb5 Bd6 5. f4 f6 6. fxe5 fxe5 7. Bxc6+ bxc6
8. Bxe5 Nf6 9. Bxd6 Qxd6 10. Nf3 O-O 11. O-O Ng4 12. g3 Ba6 13. c4 dxc4 14.
h3 Qxg3+ 15. Kh1 Qxh3+ 16. Kg1 cxb3 17. axb3 Bxf1 18. Qxf1 Rxf3 19. Qxh3
Rxh3 20. Kg2 Rh6 21. Kg3 Ne5 22. d4 Nd3 23. Nc3 Rf8 24. Ne4 Rg6+ 25. Kh3
Rf3+ 26. Kh4 Rxe3 27. Ng5 Nf2 28. Rxa7 Re8 29. Kh5 Rf6 30. Kh4 h6 31. Kg3
hxg5 32. Rxc7 Ne4+ 33. Kg2 Kh7 34. Kg1 Rf2 35. d5 cxd5 36. b4 Ra8 37. Rc1
Raa2 38. b5 Rg2+ 39. Kf1 Raf2+ 40. Ke1 Rg1# {White checkmated} 0-1

[Event "ICCopen2017"]
[Site "Internet Chess Club"]
[Date "2017.04.02"]
[Round "9"]
[White "kaimann"]
[Black "rovov"]
[Result "1-0"]
[ICCResult "Black forfeits on time"]
[WhiteElo "1888"]
[BlackElo "1759"]
[Opening "Benko's opening"]
[ECO "A00"]
[NIC "VO.09"]
[Time "20:44:58"]
[TimeControl "180+0"]

1. g3 d5 2. Bg2 Nf6 3. d3 c6 4. Nd2 Bf5 5. e4 dxe4 6. dxe4 Bg6 7. Ne2 e5 8.
O-O Be7 9. Nc3 O-O 10. Qe2 Nbd7 11. Nc4 h6 12. Ne3 Nc5 13. Nf5 Ne6 14. Be3
Bxf5 15. exf5 Nd4 16. Bxd4 Qxd4 17. Rad1 Qc5 18. g4 Rad8 19. h3 Rxd1 20.
Rxd1 Rd8 21. Rxd8+ Bxd8 22. Qd3 Bb6 23. Qe2 Qd4 24. Nd1 Nd5 25. c3 Nf4 26.
Qc2 Qd8 27. Ne3 Qh4 28. Kh2 Qd8 29. Qd1 Qxd1 30. Nxd1 Kf8 31. Bf1 Ke7 32.
Kg3 Kd6 33. Kf3 f6 34. Ne3 Kd7 35. Nc4 Bc7 36. a4 b5 37. axb5 cxb5 38. Ne3
a6 39. Ke4 Kc6 40. b4 Bb6 41. c4 bxc4 42. Bxc4 Bxe3 43. fxe3 Nxh3 44. Bxa6
Ng5+ 45. Kd3 Nf7 46. Bc4 Kb6 47. Bxf7 Kb5 48. Kc3 Kb6 49. e4 Kc6 50. Kc4 Kb6
51. b5 Kc7 52. Kc5 Kb7 53. b6 Kc8 54. Bd5 Kb8 55. Kc6 Kc8 56. Kd6 Kb8 57.
Ke7 {Black forfeits on time} 1-0

[Event "ICCopen2017"]
[Site "Internet Chess Club"]
[Date "2017.04.02"]
[Round "9"]
[White "chessrex"]
[Black "shirovinster"]
[Result "1-0"]
[ICCResult "Black forfeits on time"]
[WhiteElo "1913"]
[BlackElo "1738"]
[Opening "Dutch: Staunton gambit"]
[ECO "A82"]
[NIC "HD.11"]
[Time "20:45:18"]
[TimeControl "180+0"]

1. d4 f5 2. e4 fxe4 3. Nc3 Nf6 4. f3 d5 5. fxe4 dxe4 6. Bg5 Nc6 7. Bb5 Bd7
8. Nge2 e5 9. Bxc6 Bxc6 10. dxe5 Qxd1+ 11. Rxd1 Ng4 12. Bf4 Bc5 13. Nd4 O-O
14. g3 Rad8 15. Nxc6 Rxd1+ 16. Nxd1 bxc6 17. h3 Nh6 18. Bxh6 gxh6 19. Rf1
Rf3 20. Rxf3 exf3 21. c3 Kf7 22. Nf2 Ke6 23. Ng4 h5 24. Nf6 Kxe5 25. Nxh5
Ke4 26. Nf4 Ke3 27. Kf1 Bd6 28. Nh5 c5 29. g4 c4 30. Nf6 a5 31. Nxh7 Bg3 32.
g5 Be5 33. Nf6 Kf4 34. Nd5+ Kxg5 35. Kf2 Kh4 36. Kxf3 Kxh3 37. Ke4 Bd6 38.
Nf6 Kh4 39. Kd5 Kg5 40. Ne8 Bg3 41. Kc6 Bf4 42. Nxc7 Bc1 43. b3 Bb2 44. bxc4
Bxc3 45. Nd5 Bd4 46. Kb5 Kf5 47. c5 Ke5 48. Nb6 Ke6 49. c6 Kd6 50. Nc4+ Kc7
51. Nd2 Bc3 52. Nb3 Be1 53. Nc5 Bd2 54. Ne6+ Kc8 55. Nd4 Be3 56. Nb3 Ba7 57.
Nxa5 {Black forfeits on time} 1-0

[Event "ICCopen2017"]
[Site "Internet Chess Club"]
[Date "2017.04.02"]
[Round "9"]
[White "iliketal"]
[Black "Bojongrenged"]
[Result "1-0"]
[ICCResult "Black forfeits on time"]
[WhiteElo "1812"]
[BlackElo "1690"]
[Opening "Anderssen's opening"]
[ECO "A00"]
[NIC "VO.14"]
[Time "20:45:11"]
[TimeControl "180+0"]

1. a3 d5 2. b4 c6 3. Bb2 a5 4. Nf3 axb4 5. axb4 Rxa1 6. Bxa1 Bf5 7. e3 Nd7
8. Be2 e6 9. b5 c5 10. O-O Ngf6 11. d3 Be7 12. Nbd2 O-O 13. c4 b6 14. Re1 h6
15. Bf1 Bg6 16. h3 Re8 17. cxd5 exd5 18. e4 d4 19. Nc4 Bf8 20. Bb2 Ne5 21.
Nfxe5 Nd7 22. Nxd7 Qxd7 23. Nxb6 Qxb5 24. Nc4 Rb8 25. Bc1 f5 26. e5 Be7 27.
e6 Ra8 28. Bf4 Ra2 29. Bd6 Bh4 30. Re2 Bh5 31. f3 Ra6 32. e7 Qd7 33. Bxc5
Re6 34. Rxe6 Qxe6 35. Qe2 Qd7 36. Nb6 Qe8 37. Nd5 Bf7 38. Nc7 Qd7 39. e8=Q+
Bxe8 40. Qxe8+ Qxe8 41. Nxe8 g5 42. Bxd4 g4 43. fxg4 fxg4 44. hxg4
{Black forfeits on time}
1-0

[Event "ICCopen2017"]
[Site "Internet Chess Club"]
[Date "2017.04.02"]
[Round "9"]
[White "olimpus"]
[Black "Kiketf"]
[Result "1-0"]
[ICCResult "Black checkmated"]
[WhiteElo "2718"]
[BlackElo "2232"]
[Opening "Scandinavian (center counter) defense"]
[ECO "B01"]
[NIC "SD.01"]
[Time "20:44:50"]
[TimeControl "180+0"]

1. e4 d5 2. exd5 Qxd5 3. Nc3 Qa5 4. g3 Nf6 5. Bg2 c6 6. d3 Bg4 7. Ne2 e6 8.
h3 Bxe2 9. Qxe2 Nbd7 10. O-O Be7 11. a3 O-O 12. Bd2 Qe5 13. Qd1 Rad8 14. Re1
Qc7 15. b4 Nb6 16. Rb1 Rd7 17. a4 Rfd8 18. b5 c5 19. Bf4 Qc8 20. Be5 h6 21.
a5 Nbd5 22. Nxd5 Nxd5 23. Qg4 Nf6 24. Qc4 Nd5 25. Qg4 Nf6 26. Qc4 Nd5 27. b6
a6 28. Re2 Bf6 29. Rbe1 Bxe5 30. Rxe5 Qc6 31. Qh4 Qd6 32. Bxd5 exd5 33. Qf4
Kh7 34. Qf5+ g6 35. Qf3 Kg7 36. h4 Qf6 37. Qe3 c4 38. Qd4 cxd3 39. cxd3 Re7
40. R1e3 Rde8 41. Rxe7 Rxe7 42. Qxd5 Rxe3 43. fxe3 Qa1+ 44. Kf2 Qb2+ 45. Kf3
Qh2 46. Qe5+ Kf8 47. Qb8+ Kg7 48. Qe5+ Kf8 49. Ke4 Qg2+ 50. Kd4 Qb2+ 51. Kd5
Qb5+ 52. Ke4 Qa4+ 53. Qd4 Qc6+ 54. Kf4 Qe6 55. Qh8+ Ke7 56. Qe5 f6 57. Qxe6+
Kxe6 58. e4 g5+ 59. hxg5 hxg5+ 60. Kg4 Ke5 61. Kh5 Kd4 62. Kg6 Kxd3 63. Kxf6
Kxe4 64. Kxg5 Kd5 65. g4 Kc5 66. Kf6 Kb5 67. g5 Kxa5 68. g6 Kxb6 69. g7 Kb5
70. g8=Q Ka4 71. Qa2+ Kb4 72. Ke5 b5 73. Qxa6 Kc5 74. Qd6+ Kc4 75. Qc6+ Kb4
76. Kd4 Ka5 77. Kc3 Ka4 78. Qa6# {Black checkmated} 1-0

[Event "ICCopen2017"]
[Site "Internet Chess Club"]
[Date "2017.04.02"]
[Round "9"]
[White "rotyi59"]
[Black "Chamanx"]
[Result "1-0"]
[ICCResult "Black forfeits on time"]
[WhiteElo "1570"]
[BlackElo "1377"]
[Opening "Ruy Lopez: exchange variation"]
[ECO "C68"]
[NIC "RL.08"]
[Time "20:45:24"]
[TimeControl "180+0"]

1. e4 e5 2. Nf3 Nc6 3. Bb5 a6 4. Bxc6 dxc6 5. d4 exd4 6. Qxd4 Qxd4 7. Nxd4
Bc5 8. Nb3 Bb6 9. Nc3 Be6 10. Na4 Bxb3 11. Nxb6 cxb6 12. axb3 Nf6 13. f3 O-O
14. Bg5 h6 15. Bxf6 gxf6 16. O-O-O Rfd8 17. Rhe1 a5 18. Rd3 Rxd3 19. cxd3 a4
20. bxa4 Rxa4 21. Kc2 b5 22. g3 c5 23. f4 c4 24. d4 b4 25. d5 b3+ 26. Kc3 b5
27. h4 Ra8 28. Re2 Rd8 29. Kb4 Rb8 30. g4 Kf8 31. g5 fxg5 32. fxg5 hxg5 33.
hxg5 Ke7 34. e5 Rc8 35. Rf2 Rd8 36. d6+ Ke6 37. Kxb5 Kxe5 38. Kxc4 Rxd6 39.
Rxf7 Rg6 40. Kxb3 Rxg5 41. Rd7 Rg3+ 42. Kb4 Rg4+ 43. Kb5 Ke6 44. Rd2 Rg5+
45. Kb6 Ke7 46. b4 Rg6+ 47. Ka5 Rg1 48. b5 Ra1+ 49. Kb6 Rb1 50. Kc6 Rc1+ 51.
Kb7 Rb1 52. b6 Ra1 53. Kb8 Rb1 54. b7 Ra1 55. Rc2 Kd8 56. Rd2+ Ke7 57. Rh2
Kd6 58. Rh7 Kc6 59. Kc8 Ra7 60. Rh6+ {Black forfeits on time} 1-0

[Event "ICCopen2017"]
[Site "Internet Chess Club"]
[Date "2017.04.02"]
[Round "9"]
[White "kabindra"]
[Black "TaijiChess22"]
[Result "0-1"]
[ICCResult "White forfeits on time"]
[WhiteElo "1623"]
[BlackElo "1791"]
[Opening "Giuoco Piano"]
[ECO "C53"]
[NIC "IG.02"]
[Time "20:44:50"]
[TimeControl "180+0"]

1. e4 e5 2. Nf3 Nc6 3. Bc4 Bc5 4. c3 Bb6 5. b4 d6 6. a4 a6 7. a5 Ba7 8. O-O
Nf6 9. Re1 Bg4 10. h3 Bh5 11. Qb3 O-O 12. Nh2 Bg6 13. d3 h6 14. Nf3 Nh5 15.
Be3 Nf4 16. Bxf4 exf4 17. Nbd2 Kh7 18. b5 axb5 19. Qxb5 Rb8 20. e5 Nxe5 21.
Nxe5 dxe5 22. Qxe5 Bxd3 23. Rad1 Bxc4 24. Nxc4 Qg5 25. Qe4+ Kg8 26. Ne5 c6
27. Nd7 Rfe8 28. Qf3 Rxe1+ 29. Rxe1 Rd8 30. Ne5 Qf5 31. Ng4 h5 32. Ne3 Qd3
33. Qxf4 Qxc3 34. Rf1 Rf8 35. Qg5 Qf6 36. Qxh5 Qg6 37. Qf3 Re8 38. Nf5 Re6
39. Nh4 Qf6 40. Qg3 g6 41. Nf3 Kg7 42. Rd1 Qf5 43. Nh4 Qxf2+ 44. Qxf2 Bxf2+
45. Kxf2 Rf6+ 46. Kg1 Rf4 {White forfeits on time} 0-1

[Event "ICCopen2017"]
[Site "Internet Chess Club"]
[Date "2017.04.02"]
[Round "9"]
[White "Ricardov"]
[Black "FGM21"]
[Result "1-0"]
[ICCResult "Black forfeits on time"]
[WhiteElo "2259"]
[BlackElo "1917"]
[Opening "Two knights defense"]
[ECO "C58"]
[NIC "KP.01"]
[Time "20:44:52"]
[TimeControl "180+0"]

1. e4 e5 2. Nf3 Nc6 3. Bc4 Nf6 4. Ng5 d5 5. exd5 Na5 6. Bb5+ c6 7. dxc6 bxc6
8. Bd3 Nd5 9. Nf3 Bd6 10. O-O O-O 11. Re1 Qc7 12. Bf1 Bg4 13. h3 Bh5 14. g4
Bg6 15. Nh4 Rad8 16. Nc3 Nxc3 17. bxc3 Nb7 18. Nxg6 hxg6 19. Bc4 Na5 20. Bb3
Qe7 21. d4 Nxb3 22. axb3 Qh4 23. Qf3 exd4 24. cxd4 Bb4 25. c3 Bd6 26. Rxa7
f5 27. g5 f4 28. Qg4 Qxg4+ 29. hxg4 Rfe8 30. Rxe8+ Rxe8 31. Kf1 f3 32. Rd7
Bh2 33. d5 c5 34. Be3 Ra8 35. Ke1 Ra3 36. Rb7 c4 37. bxc4 Rxc3 38. c5 Rc2
39. Kd1 Re2 40. d6 Bg3 41. d7 {Black forfeits on time} 1-0

[Event "ICCopen2017"]
[Site "Internet Chess Club"]
[Date "2017.04.02"]
[Round "9"]
[White "GYMEJR"]
[Black "elifly6"]
[Result "0-1"]
[ICCResult "White forfeits on time"]
[WhiteElo "1468"]
[BlackElo "1716"]
[Opening "Queen's pawn"]
[ECO "A40"]
[NIC "QO.17"]
[Time "20:45:07"]
[TimeControl "180+0"]

1. d4 e6 2. Bf4 Nf6 3. e3 b6 4. Nf3 Bb7 5. c3 d6 6. h3 Nbd7 7. Nbd2 h6 8.
Be2 g5 9. Bh2 Bg7 10. Qc2 Qe7 11. O-O-O c5 12. Kb1 a6 13. Rhe1 b5 14. Ka1
O-O 15. e4 cxd4 16. cxd4 Rac8 17. Qb1 g4 18. hxg4 Nxg4 19. Bg3 e5 20. Nxe5
Ngxe5 21. dxe5 Nxe5 22. f4 Nc4 23. Nxc4 bxc4 24. Bf3 c3 25. e5 c2 26. Qc1
cxd1=Q 27. Qxd1 Bxf3 28. Qxf3 dxe5 29. f5 e4 30. Qe2 Qa3 31. Bf4 e3 32. Bxh6
Qxb2+ 33. Qxb2 Bxb2+ 34. Kxb2 Rfe8 35. Rxe3 Rxe3 36. Bxe3 Re8 37. Bd4 Re2+
38. Kb3 Rxg2 39. f6 Rg3+ 40. Kc4 Rg4 41. a4 Kh7 42. a5 Kg6 43. Kc5 Rg5+ 44.
Kb6 Rb5+ 45. Kxa6 Rb1 46. Ka7 Kf5 47. a6 Ke6 48. Bc3 Kd7 49. Ka8 Kc8 50. a7
Kc7 51. Be5+ Kc6 52. Bb8 Rb2 53. Bc7 Rb3 54. Be5 Rb4 55. Bc7 Rb3 56. Bd6 Rb1
57. Bc7 Kd7 58. Bb8 Ke6 59. Bc7 Kxf6 60. Bb6 Kg6 61. Kb7 Rxb6+
{White forfeits on time}
0-1

[Event "ICCopen2017"]
[Site "Internet Chess Club"]
[Date "2017.04.02"]
[Round "9"]
[White "supermouse"]
[Black "intermaster"]
[Result "1-0"]
[ICCResult "Black forfeits on time"]
[WhiteElo "2618"]
[BlackElo "2243"]
[Opening "Réti opening"]
[ECO "A04"]
[NIC "QP.10"]
[Time "20:44:51"]
[TimeControl "180+0"]

1. Nf3 c5 2. g3 Nc6 3. Bg2 e5 4. d3 d6 5. O-O Bf5 6. c3 Qd7 7. Re1 Bh3 8.
Bh1 h5 9. e4 h4 10. d4 hxg3 11. fxg3 cxd4 12. cxd4 Bg4 13. d5 Nd4 14. Be3
Nxf3+ 15. Bxf3 Nh6 16. Bxh6 Bxf3 17. Qxf3 Rxh6 18. Nc3 Rc8 19. Rac1 Be7 20.
Qf5 Bd8 21. Qxd7+ Kxd7 22. Kg2 Ba5 23. Rf1 f6 24. Ne2 Rhh8 25. g4 Bd2 26.
Rxc8 Rxc8 27. Kf3 Rc2 28. Rb1 Ba5 29. h4 b5 30. a3 Bb6 31. h5 Ba5 32. Ng3
Bd2 33. Nf5 Bh6 34. b3 a5 35. a4 b4 36. Kg3 Kc7 37. Kf3 Kd7 38. Kg3 Rc3+ 39.
Kf2 Kc7 40. Rb2 Kb6 41. Nxd6 Kc5 42. Nb7+ Kd4 43. Nxa5 Kxe4 44. d6 Rd3 45.
Nc6 Rxd6 46. Nxb4 Be3+ 47. Ke2 Bd4 48. Rc2 Rb6 49. Rc4 f5 50. a5 Rb5 51.
gxf5 Rxa5 52. f6 gxf6 53. h6 Ra7 54. Rc6 Rh7 55. Rxf6 Bc3 56. Nd3 Kd4 57.
Rg6 e4 58. Rg4 Kd5 59. Nf2 {Black forfeits on time} 1-0

[Event "ICCopen2017"]
[Site "Internet Chess Club"]
[Date "2017.04.02"]
[Round "9"]
[White "Magagna"]
[Black "trianon"]
[Result "0-1"]
[ICCResult "White resigns"]
[WhiteElo "1730"]
[BlackElo "2019"]
[Opening "Queen's pawn game"]
[ECO "A46"]
[NIC "QP.05"]
[Time "20:45:13"]
[TimeControl "180+0"]

1. d4 Nf6 2. Nf3 e6 3. Bf4 b6 4. e3 Bb7 5. Nbd2 Be7 6. c3 c5 7. Bd3 Nc6 8.
O-O O-O 9. Re1 Rc8 10. e4 cxd4 11. cxd4 Nb4 12. Qe2 Nxd3 13. Qxd3 d5 14. e5
Ne4 15. Rac1 Qd7 16. Qb3 Rxc1 17. Rxc1 Rc8 18. Rc2 Rxc2 19. Qxc2 Nxd2 20.
Nxd2 Qc6 21. Qxc6 Bxc6 22. Kf1 h6 23. a3 g5 24. Be3 a5 25. Nb1 b5 26. Ke2 b4
27. axb4 axb4 28. Nd2 Bb5+ 29. Kd1 Kg7 30. Nb3 Ba4 31. Kc2 Kg6 32. g4 h5 33.
h3 h4 34. f3 Kg7 35. Bd2 Kf8 36. f4 gxf4 37. Bxf4 Kg7 38. Be3 Kg6 39. Bd2 f6
40. Be1 fxe5 41. dxe5 Kf7 42. Bd2 Ke8 43. Be1 Kd7 44. Bd2 Kc6 45. g5 Kb5 46.
g6 Bf8 47. Bg5 Kc4 48. Bxh4 Bxb3+ 49. Kd2 Bh6+ 50. Ke2 d4 51. Bf6 d3+ 52.
Kf2 d2 53. g7 Bxg7 54. Bxg7 d1=Q 55. Kg3 Qh5 56. Bf6 Bc2 57. h4 Bf5 58. Bg5
Qg4+ 59. Kf2 Be4 60. h5 Qf3+ 61. Ke1 Bd3 62. Kd2 Qe2+ {White resigns} 0-1

[Event "ICCopen2017"]
[Site "Internet Chess Club"]
[Date "2017.04.02"]
[Round "9"]
[White "devotional"]
[Black "lestri"]
[Result "0-1"]
[ICCResult "White forfeits on time"]
[WhiteElo "2179"]
[BlackElo "2511"]
[Opening "Pirc defense"]
[ECO "B07"]
[NIC "PU.08"]
[Time "20:45:34"]
[TimeControl "180+0"]

1. e4 d6 2. d4 Nf6 3. Nc3 e5 4. dxe5 dxe5 5. Qxd8+ Kxd8 6. Bc4 Ke8 7. Bg5 c6
8. Nge2 Nbd7 9. a4 a5 10. O-O-O Be7 11. Ng3 g6 12. f3 Nb6 13. Bb3 Nfd7 14.
Bxe7 Kxe7 15. Rd2 Nc5 16. Rhd1 Nxb3+ 17. cxb3 Be6 18. Kc2 Nd7 19. Nf1 Nc5
20. Re1 Nxb3 21. Rd3 Nc5 22. Rde3 Bb3+ 23. Kb1 Rhd8 24. R1e2 Bxa4 25. Nd2
Bb3 26. Nxb3 Nxb3 27. Nd5+ cxd5 28. Rxb3 d4 29. Rxb7+ Rd7 30. Rb5 f6 31. Rc2
Ra6 32. Kc1 a4 33. Rc8 a3 34. bxa3 Rxa3 35. Rb2 Ra1+ 36. Kd2 Rda7 37. Rh8
Kd6 38. Rb6+ Kc5 39. Rb2 R7a2 40. Rc8+ Kd6 41. Rcc2 Rxb2 42. Rxb2 f5 43. Rb7
fxe4 44. fxe4 Ra2+ 45. Kd3 Ra3+ 46. Kd2 Ra2+ 47. Kd3 Rxg2 48. Rxh7 Ra2 49.
Rh6 Kc5 50. Rxg6 Ra3+ 51. Kd2 Ra2+ 52. Kd3 Ra3+ 53. Kd2 Re3 54. Rg4 Kc4 55.
h4 Rh3 56. Rg5 Rh2+ 57. Ke1 Kd3 58. Rxe5 Ke3 59. Kd1 d3 60. Kc1 Rh1+ 61. Kb2
d2 62. Rd5 d1=Q 63. Rxd1 Rxd1 64. e5 Rd5 {White forfeits on time} 0-1

[Event "ICCopen2017"]
[Site "Internet Chess Club"]
[Date "2017.04.02"]
[Round "9"]
[White "ChessOptimist"]
[Black "TomorrowLand"]
[Result "0-1"]
[ICCResult "White forfeits on time"]
[WhiteElo "2034"]
[BlackElo "1933"]
[Opening "Bird's opening"]
[ECO "A02"]
[NIC "VO.07"]
[Time "20:44:55"]
[TimeControl "180+0"]

1. f4 Nf6 2. g3 d5 3. Nh3 e6 4. Nf2 c5 5. Bg2 b6 6. d3 Bb7 7. O-O Nc6 8. c3
Be7 9. e4 O-O 10. Qe2 b5 11. g4 a5 12. g5 Ne8 13. h4 b4 14. Nd2 Ba6 15. Qf3
Nc7 16. Rd1 f6 17. Qg3 Kh8 18. Ng4 Qd6 19. e5 fxe5 20. fxe5 Qd8 21. Nf3 Rf5
22. Bh3 Qf8 23. Ngh2 bxc3 24. Bxf5 cxb2 25. Bxb2 Qxf5 26. Ne1 c4 27. Rac1
Bc5+ 28. Kh1 a4 29. Ng2 a3 30. Ba1 Bf2 31. Qf3 Qxf3 32. Nxf3 Nb4 33. dxc4
Bxc4 34. Nd4 Nxa2 35. Rc2 Bg3 36. Nc6 Rf8 37. Ne3 Bb3 38. Rdd2 Bxc2 39. Rxc2
Rf3 40. Bd4 Nb5 41. Nb4 g6 42. Nxa2 Nxd4 43. Rc8+ Kg7 44. Ng4 Rf7 45. Nf6
Rf8 46. Rc7+ Rf7 47. Rc5 Nf3 48. Ne8+ Kf8 49. Nf6 Ke7 50. Kg2 Kd8 51. Kxf3
Bxe5 52. Ra5 Bxf6 53. Ra8+ Kd7 54. gxf6 Rxf6+ 55. Ke2 Rf5 56. Rxa3 Kd6 57.
Ra7 Ke5 58. Ra6 d4 59. Ra4 Ke4 60. Ra5 d3+ 61. Kd2 Rf2+ 62. Kc3 Re2 63. Ra4+
Kf3 64. Rd4 Re4 {White forfeits on time} 0-1

[Event "ICCopen2017"]
[Site "Internet Chess Club"]
[Date "2017.04.02"]
[Round "9"]
[White "Heian"]
[Black "TorelliMirco"]
[Result "1-0"]
[ICCResult "Black forfeits on time"]
[WhiteElo "1521"]
[BlackElo "1676"]
[Opening "French: advance, Paulsen attack"]
[ECO "B40"]
[NIC "SI.43"]
[Time "20:45:08"]
[TimeControl "180+0"]

1. e4 c5 2. Nf3 e6 3. c3 d5 4. e5 Nc6 5. d4 cxd4 6. cxd4 f6 7. Bd3 f5 8. O-O
a6 9. a3 Bd7 10. Be3 Nge7 11. Ng5 Ng6 12. Qh5 Qb6 13. Nxh7 Ne7 14. Bg5 O-O-O
15. Bxe7 Nxe7 16. b4 Qxd4 17. Bxa6 Qxa1 18. Nd2 Qa2 19. Rc1+ Kb8 20. Bxb7
Kxb7 21. Nf3 Rc8 22. Rf1 Rc2 23. h4 g6 24. Qg5 Rxh7 25. Qe3 Rh5 26. Nd4 Kc8
27. Nxc2 Qxc2 28. Qb6 {Black forfeits on time} 1-0

[Event "ICCopen2017"]
[Site "Internet Chess Club"]
[Date "2017.04.02"]
[Round "9"]
[White "TeddyBear"]
[Black "cheslikeyomama"]
[Result "0-1"]
[ICCResult "White forfeits on time"]
[WhiteElo "1634"]
[BlackElo "1451"]
[Opening "Modern defense: Averbakh system"]
[ECO "A40"]
[NIC "KF.04"]
[Time "20:45:24"]
[TimeControl "180+0"]

1. d4 g6 2. c4 Bg7 3. Nc3 d6 4. e4 Nh6 5. Bg5 f5 6. Qd2 Nf7 7. exf5 Nxg5 8.
Qxg5 Bxf5 9. g4 Bd7 10. O-O-O O-O 11. h4 Nc6 12. d5 Ne5 13. Be2 e6 14. Qe3
exd5 15. Nxd5 Nxg4 16. Bxg4 Bxg4 17. f3 Bf5 18. h5 c6 19. Ne7+ Kf7 20. hxg6+
hxg6 21. Nxf5 gxf5 22. Nh3 Qf6 23. Ng5+ Kg8 24. Rh2 f4 25. Qg1 Qe5 26. Re1
Qd4 27. Ne6 Qxg1 28. Rxg1 Rf7 29. Rhg2 Rb8 30. Rxg7+ Rxg7 31. Nxg7 Kf7 32.
Nf5 Ke6 33. Nd4+ Ke5 34. Ne2 d5 {White forfeits on time} 0-1